 Dungeon Sprint DCSS version 0.30.1-9-gdf580d7c3d (webtiles) character file.

Game seed: 10272855467626689074

48505 Heoruswealwe the Minotaur Porcupine (level 14, -9/162 HPs)
             Began as a Minotaur Fighter on Sept 28, 2023.
             Was an Initiate of Gozag.
             Mangled by a hell knight
             ... wielding a +2 glaive of flaming
              (14 damage)
             ... in the Dungeon (Sprint IX: "|||||||||||||||||||||||||||||").
             The game lasted 00:44:23 (5267 turns).

Heoruswealwe the Minotaur Porcupine (MiFi)          Turns: 5267, Time: 00:44:24

Health: -9/162     AC: 40    Str: 25    XL:     14   Next: 12%
Magic:  0/13       EV: 12    Int:  5    God:    Gozag
Gold:   1365       SH:  0    Dex: 11    Spells: 13/13 levels left

rFire   + . .        b - +2 halberd (protect)
rCold   + . .        (shield currently unavailable)
rNeg    . . .        c - +5 plate armour "Luusas" {rElec Will- SInv Stlth+}
rPois   +            g - +0 hat
rElec   +            h - +1 cloak
rCorr   +            f - +1 pair of gloves {infuse}
SInv    +            e - +0 pair of boots {Stlth+}
Will    .....        (no amulet) Stlth
                     y - ring of poison resistance
HPRegen 0.47/turn    (no ring)
MPRegen 0.13/turn

%: no teleportation
@: mighty, resistant, under a protective aura, hasted, very quick
A: horns 2, retaliatory headbutt
a: Renounce Religion, Potion Petition, Call Merchant, Bribe Branch


You were in the Dungeon.
You worshipped Gozag.
Gozag was most pleased with you.
You visited 1 branch You collected 15472 gold pieces.
You spent 4984 gold pieces at shops.
You paid 9123 gold pieces to Gozag.

Inventory:

Hand Weapons
 a - a +2 trident of venom
 b - a +2 halberd of protection (weapon)
 i - the +4 trident of Conflict {vamp, Fragile Will+ rCorr Str+2}
   (You bought it in a shop in the Dungeon)

   Str:       It affects your strength (+2).
   rCorr:     It protects you from acid and corrosion.
   Fragile:   It will be destroyed if unequipped.
   Will:      It increases your willpower.
 z - a +1 glaive
Armour
 c - the +5 plate armour "Luusas" (worn) {rElec Will- SInv Stlth+}
   (You bought it in a shop in the Dungeon)

   rElec:     It insulates you from electricity.
   SInv:      It lets you see invisible.
   Will:      It decreases your willpower.
   Stlth:     It makes you more stealthy.
 d - the +1 kite shield of the Nexus {rPois rN+ Int+5}
   (You bought it in a shop in the Dungeon)

   Int:       It affects your intelligence (+5).
   rPois:     It protects you from poison.
   rN:        It protects you from negative energy.
 e - a +0 pair of boots of stealth (worn)
 f - a +1 pair of gloves of infusion (worn)
 g - a +0 hat (worn)
 h - a +1 cloak (worn)
Jewellery
 y - a ring of poison resistance (left hand)
Wands
 p - a wand of roots (10)
 s - a wand of paralysis (3)
 x - a wand of flame (9)
Scrolls
 j - 3 scrolls of blinking
 n - 5 scrolls of enchant weapon
 o - 5 scrolls of identify
 u - 2 scrolls of enchant armour
Potions
 m - 3 potions of resistance
 v - a potion of haste
Miscellaneous
 l - a piece from Xom's chessboard (15/15)
 t - a box of beasts
 w - a phial of floods


   Skills:
 * Level 25.2 Fighting
 O Level 27 Polearms
 + Level 22.9 Armour
 + Level 11.1 Dodging
 - Level 3.6 Shields
 + Level 9.3 Evocations


You had 13 spell levels left.
You didn't know any spells.
Your spell library contained the following spells:

 Spells                   Type           Power      Damage    Failure   Level
 Olgreb's Toxic Radiance  Pois           0%         N/A       100%        4
 Statue Form              Tmut/Erth      0%         N/A       100%        6


Dungeon Overview and Level Annotations

Branches:
Dungeon (1/1)

Altars:
Cheibriados
Dithmenos
Elyvilon
Fedhas
Gozag
Hepliaklqana
Kikubaaqudgha
Makhleb
Nemelex Xobeh
Okawaru
Qazlal
Ru
Sif Muna
Trog
Uskayaw
Vehumet
Wu Jian
Xom
Yredelemnul
Zin
The Shining One
Jiyva
Lugonu

Shops:
D *[**[(**=((


Innate Abilities, Weirdness & Mutations

You have a pair of horns on your head.
You reflexively headbutt those who attack you in melee.


Message History

* * * LOW HITPOINT WARNING * * *
The hell knight hits you from afar with a +2 glaive of flaming.
* * * LOW HITPOINT WARNING * * *
The hell knight burns you.
* * * LOW HITPOINT WARNING * * *
You feel protected.
The spriggan defender is distracted by your dazzling golden aura.
A lich comes into view.
The fire giant hits you with a +1 great sword of flaming.
* * * LOW HITPOINT WARNING * * *
The fire giant burns you.
* * * LOW HITPOINT WARNING * * *
The hell knight hits you from afar with a +2 glaive of flaming.
* * * LOW HITPOINT WARNING * * *
The spriggan air mage is distracted by your dazzling golden aura.
You feel yourself speed up.
The spriggan defender is no longer distracted by gold.
The hell knight barely misses you.
The lich gestures wildly while chanting.
The lich seems to speed up.
The fire giant hits you but does no damage.
The hell knight hits you but does no damage.
The spriggan air mage shouts!
You feel very mighty all of a sudden.
You hear a shout!
The fire giant barely misses you. You furiously retaliate!
You headbutt the fire giant!!
The hell knight hits you from afar with a +2 glaive of flaming!
* * * LOW HITPOINT WARNING * * *
The hell knight burns you.
* * * LOW HITPOINT WARNING * * *
You barely miss the fire giant.
The fire giant is moderately wounded.
You slash the fire giant!
Your weapon exudes an aura of protection.
You headbutt the fire giant!!
The fire giant is severely wounded.
The hell knight hits you from afar with a +2 glaive of flaming!
You die...
Your body crumbles into a pile of gold.

.▓.▓.▓.▓=▓.▓.▓.▓.▓,*,*,*,*,*,*,*,
.▓.▓.▓.▓=▓.▓.▓.▓.▓,*+*,*,*,*,*,*,
[▓.▓)▓.▓=▓.▓.▓.▓.▓,*,*,*,*,*,*,*,
.▓.▓)▓.▓.▓.▓)▓.▓.▓,*,*,*,*,*,*,*,
.▓.▓)▓.▓)▓.♣'♣.▓.▓,*,*,*,*,*,*,*,
.▓.▓)▓.▓)▓.♣.♣.▓.▓,*,*,*,*,*,*,*,
.▓.▓)▓.▓)▓.♣.♣.▓$▓,*,*,*,*,*,*,*,
?▓.▓)▓.▓)▓.♣.♣.▓$▓,*,*,*,*,*,*,*,
.▓.▓)▓.▓)▓.♣.♣.▓@▓,*,*,*,*,*,*,*,
.▓.▓)▓.▓)▓.♣.♣.▓C▓,*,*,*,*,*,*,*,
'▓.▓.▓.▓)▓.♣.♣.▓p▓,*,*,*+*,*,*,*,
.▓.▓)▓.▓)▓.♣.♣.▓T▓,*,*,*,*,*,*,*,
.▓.▓)▓.▓[▓.♣.♣.▓C▓,*,*,*,*,*,*,*,
.▓.▓.▓.▓[▓.♣.♣.▓i▓,*,*,*,*,*,*,*,
.▓.▓.▓.▓[▓.▓'▓.▓L▓,*,*,*,*,*,*,*,
.▓.▓.▓.▓[▓.▓.▓.▓i▓,*,*,*,*,*,*,*,
.▓.▓'▓.▓[▓.▓.▓.▓,*,*,*,*,*,*,*,*,


You could see a fire giant, a stone giant, a lich (fast), a spriggan defender, a
hell knight (fast), a spriggan air mage (repels missiles) and a deep troll
shaman.

Vanquished Creatures
  Donald (D)
  A frost giant (D)
  A fire giant (D)
  A ghost moth (D)
  A stone giant (D)
  A very ugly thing (D)
  A vampire knight (D)
  A broodmother (D)
  A dire elephant (D)
  A merfolk impaler (D)
  3 ettins (D)
  Josephine (D)
  An entropy weaver (D)
  Harold (D)
  3 hydras (D)
  3 ogre magi (D)
  A merfolk avatar (D)
  3 centaur warriors (D)
  A catoblepas (D)
  A deep troll shaman (D)
  An anaconda (D)
  A deep troll earth mage (D)
  Urug (D)
  2 spriggans (D)
  A pharaoh ant (D)
  A glowing orange brain (D)
  An orb spider (D)
  3 deep trolls (D)
  2 bog bodies (D)
  2 naga ritualists (D)
  A swamp dragon (D)
  2 spriggan druids (D)
  A steelbarb worm (D)
  2 orc knights (D)
  2 ugly things (D)
  2 wizards (D)
  2 manticores (D)
  A will-o-the-wisp (D)
  A cyclops (D)
  A salamander (shapeshifter) (D)
  A moth of wrath (D)
  A wolf spider (D)
  7 elephants (D)
  A demonic crawler (D)
  A naga mage (D)
  6 black mambas (D)
  2 cane toads (D)
  A torpor snail (D)
  A kobold demonologist (D)
  5 komodo dragons (D)
  An efreet (D)
  A tengu conjurer (D)
  5 trolls (D)
  2 hornets (D)
  3 polar bears (D)
  A tarantella (D)
  4 merfolk (D)
  A snapping turtle (D)
  A jumping spider (D)
  5 wraiths (D)
  A wyvern (D)
  A basilisk (D)
  2 humans (D)
  A hog (D)
  3 water moccasins (D)
  9 orc warriors (D)
  2 centaurs (D)
  A bullfrog (D)
  A scorpion (D)
  A hound (D)
  8 orc priests (D)
  5 orc wizards (D)
  A gnoll (D)
  A worm (D)
  3 orcs (D)
  An endoplasm (D)
  A jackal (D)
  A frilled lizard (D)
  A kobold (D)
  2 rats (D)
154 creatures vanquished.

Vanquished Creatures (others)
  Kirke (D)
  A tengu conjurer (D)
2 creatures vanquished.

Grand Total: 156 creatures vanquished

Notes
Turn   | Place    | Note
-------+----------+-------------------------------------------
     0 | D        | Heoruswealwe the Minotaur Fighter began the quest for the
                  | Orb.
     0 | D        | Reached XP level 1. HP: 19/19 MP: 0/0
     9 | D        | Reached skill level 3 in Polearms
    19 | D        | Noticed a hound
    19 | D        | Noticed a scorpion
    23 | D        | Killed a hound
    24 | D        | Reached skill level 5 in Fighting
    24 | D        | Reached skill level 5 in Polearms
    24 | D        | Reached skill level 5 in Armour
    24 | D        | Reached XP level 2. HP: 21/29 MP: 1/1
    24 | D        | Reached XP level 3. HP: 27/36 MP: 2/2
    29 | D        | Killed a scorpion
    30 | D        | Reached skill level 7 in Polearms
    30 | D        | Reached XP level 4. HP: 27/45 MP: 3/3
    37 | D        | Reached skill level 8 in Polearms
    48 | D        | Found a snail-covered altar of Cheibriados.
    48 | D        | Found a shadowy altar of Dithmenos.
    48 | D        | Found a white marble altar of Elyvilon.
    48 | D        | Found a blossoming altar of Fedhas.
    48 | D        | Found an opulent altar of Gozag.
    49 | D        | Found a hazy altar of Hepliaklqana.
    50 | D        | Found a viscous altar of Jiyva.
    51 | D        | Found an ancient bone altar of Kikubaaqudgha.
    52 | D        | Found a corrupted altar of Lugonu.
    53 | D        | Found a burning altar of Makhleb.
    54 | D        | Found a sparkling altar of Nemelex Xobeh.
    55 | D        | Found an iron altar of Okawaru.
    56 | D        | Became a worshipper of Gozag Ym Sagoz the Greedy
    57 | D        | Found a stormy altar of Qazlal.
    58 | D        | Found a sacrificial altar of Ru.
    59 | D        | Found a shimmering blue altar of Sif Muna.
    60 | D        | Found a bloodstained altar of Trog.
    61 | D        | Found a hide-covered altar of Uskayaw.
    62 | D        | Found a radiant altar of Vehumet.
    63 | D        | Found an ornate altar of the Wu Jian Council.
    64 | D        | Found a shimmering altar of Xom.
    65 | D        | Found a basalt altar of Yredelemnul.
    66 | D        | Found a glowing silver altar of Zin.
    67 | D        | Found a glowing golden altar of the Shining One.
   139 | D        | Noticed a wraith
   139 | D        | Noticed a centaur
   139 | D        | Noticed a centaur
   139 | D        | Noticed a wraith
   139 | D        | Noticed an orc warrior
   149 | D        | Killed a wraith
   150 | D        | Reached skill level 10 in Polearms
   150 | D        | Reached XP level 5. HP: 24/53 MP: 4/4
   152 | D        | Killed a centaur
   153 | D        | Reached skill level 11 in Polearms
   153 | D        | Reached XP level 6. HP: 29/62 MP: 5/5
   156 | D        | Reached skill level 12 in Polearms
   173 | D        | Killed a wraith
   174 | D        | Reached skill level 13 in Polearms
   174 | D        | Reached XP level 7. HP: 39/71 MP: 6/6
   186 | D        | Reached skill level 10 in Fighting
   186 | D        | Reached skill level 10 in Armour
   321 | D        | Noticed a manticore
   321 | D        | Noticed a cyan ugly thing
   321 | D        | Noticed a tengu conjurer
   321 | D        | Noticed a centaur warrior
   321 | D        | Noticed a kobold demonologist
   321 | D        | Noticed a basilisk
   328 | D        | Killed a manticore
   329 | D        | Reached skill level 14 in Polearms
   329 | D        | Reached XP level 8. HP: 58/82 MP: 7/7
   336 | D        | Killed a cyan ugly thing
   337 | D        | Reached skill level 16 in Polearms
   342 | D        | Killed a centaur warrior
   343 | D        | Reached skill level 17 in Polearms
   343 | D        | Reached XP level 9. HP: 26/92 MP: 8/8
   347 | D        | Killed a kobold demonologist
   363 | D        | Killed a tengu conjurer
   364 | D        | Reached skill level 18 in Polearms
   612 | D        | Got the Tome of Flinty Nausea
   629 | D        | Noticed a komodo dragon
   629 | D        | Noticed a komodo dragon
   629 | D        | Noticed a komodo dragon
   632 | D        | Noticed a polar bear
   633 | D        | Killed a komodo dragon
   637 | D        | Noticed a black mamba
   647 | D        | Noticed a cane toad
   656 | D        | Killed a komodo dragon
   657 | D        | Reached skill level 19 in Polearms
   666 | D        | Killed a komodo dragon
   670 | D        | Killed a polar bear
   671 | D        | Reached XP level 10. HP: 62/104 MP: 9/9
   680 | D        | Killed a black mamba
   683 | D        | Killed a cane toad
   684 | D        | Reached skill level 20 in Polearms
   822 | D        | Noticed a catoblepas
   829 | D        | Noticed a cane toad
   834 | D        | Noticed a black mamba
   839 | D        | Killed a catoblepas
   840 | D        | Reached skill level 15 in Fighting
   840 | D        | Reached skill level 15 in Armour
   867 | D        | Killed a cane toad
   868 | D        | Reached skill level 21 in Polearms
   877 | D        | Killed a black mamba
  1055 | D        | Noticed an elephant
  1055 | D        | Noticed an elephant
  1055 | D        | Noticed an elephant
  1055 | D        | Noticed an elephant
  1055 | D        | Noticed a dire elephant
  1055 | D        | Noticed an elephant
  1060 | D        | Killed an elephant
  1076 | D        | Killed a dire elephant
  1077 | D        | Reached skill level 22 in Polearms
  1077 | D        | Reached XP level 11. HP: 94/115 MP: 10/10
  1240 | D        | Noticed Urug
  1253 | D        | Killed Urug
  1254 | D        | Reached skill level 23 in Polearms
  1371 | D        | Noticed an orc knight
  1394 | D        | Killed an orc knight
  1670 | D        | Noticed an orc knight
  1691 | D        | Killed an orc knight
  2012 | D        | Found Toubissu's General Store.
  2012 | D        | Noticed a deep troll
  2012 | D        | Noticed a deep troll
  2012 | D        | Noticed a deep troll
  2012 | D        | Noticed an ogre mage
  2020 | D        | Killed a deep troll
  2021 | D        | Reached skill level 24 in Polearms
  2023 | D        | Killed a deep troll
  2027 | D        | Killed a deep troll
  2032 | D        | Noticed an ettin
  2041 | D        | Killed an ogre mage
  2049 | D        | Killed an ettin
  2050 | D        | Reached skill level 25 in Polearms
  2050 | D        | Reached XP level 12. HP: 42/128 MP: 11/11
  2052 | D        | Found Acaib's Antique Armour Shoppe.
  2056 | D        | Found Kumuz's General Store.
  2060 | D        | Found Haibofung's General Store.
  2083 | D        | Noticed an ogre mage
  2085 | D        | Noticed an ogre mage
  2094 | D        | Killed an ogre mage
  2099 | D        | Killed an ogre mage
  2115 | D        | Noticed an ettin
  2125 | D        | Killed an ettin
  2429 | D        | Bought a piece from Xom's chessboard (15/15) for 220 gold
                  | pieces
  2429 | D        | Bought a scroll of torment for 104 gold pieces
  2429 | D        | Bought a potion of curing for 33 gold pieces
  2429 | D        | Bought a wand of paralysis (3) for 79 gold pieces
  2429 | D        | Bought a scroll of immolation for 44 gold pieces
  2433 | D        | Bought a scroll of fear for 48 gold pieces
  2433 | D        | Bought a +0 hat for 48 gold pieces
  2433 | D        | Bought a potion of flight for 36 gold pieces
  2433 | D        | Bought a scroll of enchant weapon for 90 gold pieces
  2433 | D        | Bought a potion of berserk rage for 60 gold pieces
  2433 | D        | Bought a potion of curing for 36 gold pieces
  2435 | D        | Bought a scroll of identify for 28 gold pieces
  2435 | D        | Bought a scroll of vulnerability for 56 gold pieces
  2474 | D        | Bought a bloodstained kite shield for 266 gold pieces
  2474 | D        | Identified the +1 kite shield of the Nexus {rPois rN+
                  | Int+5} (You bought it in a shop in the Dungeon)
  2474 | D        | Bought a faintly glowing plate armour for 784 gold pieces
  2474 | D        | Identified the +5 plate armour "Luusas" {rElec Will- SInv
                  | Stlth+} (You bought it in a shop in the Dungeon)
  2474 | D        | Bought a pair of runed gloves for 210 gold pieces
  2530 | D        | Bought a potion of heal wounds for 120 gold pieces
  2530 | D        | Bought a box of beasts for 960 gold pieces
  2530 | D        | Bought a phial of floods for 960 gold pieces
  2533 | D        | Bought a wand of flame (9) for 81 gold pieces
  2533 | D        | Bought a scroll of identify for 26 gold pieces
  2533 | D        | Bought a scroll of magic mapping for 97 gold pieces
  2533 | D        | Bought a scroll of identify for 26 gold pieces
  2533 | D        | Bought a potion of degeneration for 13 gold pieces
  2578 | D        | Bought 2 potions of curing for 66 gold pieces
  2578 | D        | Bought a scroll of identify for 22 gold pieces
  2578 | D        | Bought a scroll of blinking for 82 gold pieces
  2578 | D        | Bought a potion of resistance for 110 gold pieces
  2578 | D        | Bought a potion of attraction for 33 gold pieces
  2778 | D        | Noticed a centaur warrior
  2780 | D        | Noticed a centaur warrior
  2784 | D        | Noticed a deep troll shaman
  2795 | D        | Reached skill level 26 in Polearms
  2795 | D        | Noticed an ettin
  2799 | D        | Noticed a vampire knight
  2808 | D        | Killed a centaur warrior
  2814 | D        | Killed a centaur warrior
  2816 | D        | Noticed a deep troll earth mage
  2819 | D        | Killed a deep troll shaman
  2820 | D        | Noticed a fire giant
  2827 | D        | Killed an ettin
  2829 | D        | Noticed a frost giant
  2847 | D        | Paralysed by a vampire knight for 4 turns
  2859 | D        | Killed a vampire knight
  2860 | D        | Reached skill level 27 in Polearms
  2865 | D        | Killed a deep troll earth mage
  2866 | D        | Reached skill level 1 in Dodging
  2866 | D        | Reached skill level 1 in Evocations
  2871 | D        | Killed a fire giant
  2881 | D        | Killed a frost giant
  3187 | D        | Noticed Josephine
  3195 | D        | Killed Josephine
  3198 | D        | Reached XP level 13. HP: 143/143 MP: 5/12
  3218 | D        | Noticed Harold
  3237 | D        | Killed Harold
  3328 | D        | Noticed Kirke
  3342 | D        | Killed Kirke
  3343 | D        | Reached skill level 5 in Dodging
  3502 | D        | Reached skill level 5 in Evocations
  3503 | D        | Noticed a ghost moth
  3531 | D        | Killed a ghost moth
  3937 | D        | Noticed a broodmother
  3972 | D        | Killed a broodmother
  4196 | D        | Noticed a merfolk impaler
  4217 | D        | Killed a merfolk impaler
  4458 | D        | Reached skill level 10 in Dodging
  4717 | D        | Bought a steaming trident for 246 gold pieces
  4717 | D        | Identified the +4 trident of Conflict {vamp, Fragile Will+
                  | rCorr Str+2} (You bought it in a shop in the Dungeon)
  4785 | D        | Reached XP level 14. HP: 43/160 MP: 1/13
  5057 | D        | Noticed Donald
  5070 | D        | Killed Donald
  5237 | D        | Noticed a cyan very ugly thing
  5237 | D        | Noticed a stone giant
  5237 | D        | Noticed a fire giant
  5238 | D        | Noticed a stone giant
  5247 | D        | Killed a cyan very ugly thing
  5252 | D        | Noticed a spriggan defender
  5260 | D        | Killed a stone giant
  5263 | D        | Noticed a lich
  5265 | D        | HP: 7/162 [hell knight/+2 glaive of flaming (17)]
  5267 | D        | Mangled by a hell knight

Illustrated notes

Levels and vault maps discovered:
D:        linesprint [early_d, line_temple, items_1, d_10, items_2, lair_1,
          lair_end, items_3, orc_1, orc_end, items_4, d_15, swamp_1, shoals_1,
          snake_1, spider_1, d_20, vaults_1, items_5, swamp_end, shoals_end,
          snake_end, spider_end, vaults_end, d_27, items_6, zot_1, zot_end,
          crypt_end, forest_end, elf_end, slime_end, tomb_end, abyss_end,
          pan_hell_end]

Skill      XL: |  1  2  3  4  5  6  7  8  9 10 11 12 13 14 |
---------------+-------------------------------------------+-----
Polearms       | 5 7 10 11 13 14 17 19 22 25 27 | 27.0
Fighting       | 5 6 8 9 11 12 14 16 18 21 24 25 | 25.2
Armour         | 5 6 8 9 11 12 14 16 18 20 22 | 22.9
Dodging        | 3 10 11 | 11.1
Evocations     | 3 8 9 |  9.3
Shields        | |  3.6

Action                     |  1- 3 |  4- 6 |  7- 9 | 10-12 | 13-15 || total
---------------------------+-------+-------+-------+-------+-------++-------
  Melee: Trident           |    18 |    12 |       |       |       ||    30
         Headbutt          |     6 |     7 |    14 |    97 |    66 ||   190
         Halberd           |       |    31 |    89 |   390 |   251 ||   761
         Unarmed           |       |       |       |       |     7 ||     7
 Invoke: Call Merchant     |       |       |       |     5 |     3 ||     8
    Use: Potion            |       |     1 |     2 |    19 |     8 ||    30
         Scroll            |       |       |       |     3 |       ||     3
   Stab: Distracted        |       |       |       |     3 |     4 ||     7
 Armour: Scale mail        |     8 |    25 |     9 |       |       ||    42
         Plate armour      |       |       |    40 |   212 |   213 ||   465
  Dodge: Dodged            |     2 |    24 |    16 |    80 |   145 ||   267
  Block: Buckler           |     2 |     1 |       |       |       ||     3
